[Event "Team 45 45 League T48"]
[Site "Internet Chess Club"]
[Date "2011.02.27"]
[Round "3"]
[White "ben622"]
[Black "QueensCounselor"]
[Result "1/2-1/2"]
[WhiteElo "2002"]
[BlackElo "2135"]
[Opening "Sicilian: Najdorf, Lipnitzky attack"]
[ECO "B90"]
[Time "14:00:20"]
[TimeControl "2700+45"]

1. e4 c5 2. Nf3 d6 3. d4 cxd4 4. Nxd4 Nf6 5. Nc3 a6 6. Bc4 b5 7. Bb3 Bb7 8. O-O
Nbd7 9. Re1 Rc8 10. f4 e6 11. e5 dxe5 12. fxe5 Ng8 13. Bf4 Bc5 14. Ne4 Bxe4 15.
Rxe4 Ne7 16. Be3 O-O 17. Nxe6 Bxe3+ 18. Rxe3 Qb6 19. Qd4 fxe6 20. Qxb6 Nxb6 21.
Bxe6+ Kh8 22. Bxc8 Rxc8 23. c3 Kg8 24. Kf2 Rf8+ 25. Rf3 Ng6 26. e6 Ne5 27. Rxf8+
Kxf8 28. Ke3 Ke7 29. Kd4 Kxe6 30. Re1 Nd7 31. b3 Kd6 32. c4 bxc4 33. bxc4 Nc6+
34. Kc3 Kc5 35. Rf1 Nf6 36. Rb1 Ne5 37. Rb7 g6 38. Rc7+ Kd6 39. Ra7 Ne4+ 40. Kc2
Nxc4 41. Kd3 Kd5 42. Rd7+ Ned6 43. Rxh7 a5 44. Ra7 g5 45. Ra8 a4 46. Rg8 Ne4 47.
Rd8+ Ned6 48. Rg8 {Game drawn by mutual agreement} 1/2-1/2

[Event "Team 45 45 League T48"]
[Site "Internet Chess Club"]
[Date "2011.03.01"]
[Round "3"]
[White "alexping"]
[Black "AreYouSerious"]
[Result "1-0"]
[WhiteElo "1970"]
[BlackElo "2027"]
[Opening "Old Indian defense"]
[ECO "A53"]
[Time "13:05:17"]
[TimeControl "2700+45"]

1. d4 Nf6 2. c4 d6 3. Nc3 b6 4. Bg5 e6 5. e4 Be7 6. Bd3 Bb7 7. Nge2 Nbd7 8. a3
O-O 9. Qc2 c5 10. d5 exd5 11. Bxf6 Bxf6 12. exd5 g6 13. O-O Ne5 14. a4 a6 15. h3
Bc8 16. Ng3 Nxd3 17. Qxd3 Bg7 18. Rae1 Bd7 19. b3 Qc8 20. Nge4 Qc7 21. Qf3 Rfe8
22. Nf6+ Bxf6 23. Qxf6 Bf5 24. Rc1 Rad8 25. Rfe1 h5 26. f3 Rf8 27. g4 hxg4 28.
hxg4 Bxg4 29. fxg4 Qd7 30. Qg5 Rfe8 31. Re4 Kg7 32. Rce1 Rxe4 {Black resigns}
1-0

[Event "Team 45 45 League T48"]
[Site "Internet Chess Club"]
[Date "2011.02.26"]
[Round "3"]
[White "thestalemater"]
[Black "HomerSimpson"]
[Result "1-0"]
[WhiteElo "2325"]
[BlackElo "2212"]
[Opening "Owen defense"]
[ECO "B00"]
[Time "09:38:06"]
[TimeControl "2700+45"]

1. e4 b6 2. d4 Bb7 3. Nc3 e6 4. Nf3 Bb4 5. Bd3 Nf6 6. Bg5 h6 7. Bxf6 Qxf6 8. O-O
Bxc3 9. bxc3 d6 10. Nd2 e5 11. Bb5+ c6 12. Be2 exd4 13. cxd4 Qxd4 14. Nc4 Qxd1
15. Rfxd1 O-O 16. Nxd6 Ba6 17. Bg4 g6 18. e5 h5 19. e6 fxe6 20. Bxe6+ Kh7 21.
Re1 Rd8 22. Rad1 Rf8 23. Bb3 Bc8 24. Re7+ Kh8 25. Nf7+ Kg7 26. Rd6 Bf5 27. Ng5+
Kh6 28. f4 {Black resigns} 1-0

[Event "Team 45 45 League T48"]
[Site "Internet Chess Club"]
[Date "2011.02.27"]
[Round "3"]
[White "chess9793"]
[Black "zeigmata"]
[Result "1/2-1/2"]
[WhiteElo "2110"]
[BlackElo "2304"]
[Opening "Sicilian: Najdorf, 7...Qb6"]
[ECO "B97"]
[Time "15:00:43"]
[TimeControl "2700+45"]

1. e4 c5 2. Nf3 d6 3. d4 cxd4 4. Nxd4 Nf6 5. Nc3 a6 6. Bg5 e6 7. f4 Qb6 8. Qd3
Nc6 9. O-O-O Nxd4 10. Qxd4 Qxd4 11. Rxd4 Be7 12. a4 h6 13. Bh4 g5 14. fxg5 Nh5
15. Bf2 hxg5 16. a5 Bd7 17. Na4 Bc6 18. Nb6 Rd8 19. g3 f5 20. Rg1 fxe4 21. Rd1
Nf6 22. h3 e5 23. Be3 Rg8 24. c4 Kf7 25. Bg2 Kg6 26. Nd5 Bxd5 27. cxd5 Rc8+ 28.
Kb1 Bd8 29. h4 g4 30. Rgf1 Bxa5 31. h5+ Kf7 32. Bxe4 Ke7 33. Bf5 Rcf8 34. h6 Bd8
35. h7 Rh8 36. Bg5 Kf7 37. Bxg4 Rxh7 38. Rc1 Kg7 39. Be6 Rhh8 40. Rc8 Be7 41.
Rc7 Nxd5 42. Bxd5 Rxf1+ 43. Ka2 Rd1 44. Bxb7 Rh2 45. Bxe7 Kh6 46. Rc6 Rhd2 47.
Rxa6 Kg7 48. Bf3 Rf1 49. Bh5 d5 50. Bg5 Rh2 51. Ra7+ Kh8 52. g4 Rff2 53. Rb7 d4
{Game drawn by mutual agreement} 1/2-1/2

[Event "Team 45 45 League T48"]
[Site "Internet Chess Club"]
[Date "2011.03.01"]
[Round "3"]
[White "filiusdextris"]
[Black "Merciful"]
[Result "1-0"]
[WhiteElo "2114"]
[BlackElo "2053"]
[Opening "Caro-Kann: advance variation"]
[ECO "B12"]
[Time "19:05:39"]
[TimeControl "2700+45"]

1. e4 c6 2. d4 d5 3. e5 c5 4. Nf3 Nc6 5. c4 cxd4 6. Nxd4 dxc4 7. Nxc6 Qxd1+ 8.
Kxd1 bxc6 9. Bxc4 Bf5 10. Be3 e6 11. Nc3 Bb4 12. Rc1 Ne7 13. a3 Ba5 14. b4 Bc7
15. f4 O-O 16. Ba6 Bb6 17. Ke2 Bg4+ 18. Kf2 Rfd8 19. Ne4 Bxe3+ 20. Kxe3 Nd5+ 21.
Kf2 Nxf4 22. Rxc6 Ng6 23. Rc5 Rd5 24. Bb7 Rxc5 25. bxc5 Rf8 26. c6 Nxe5 27. c7
{Black resigns} 1-0

[Event "Team 45 45 League T48"]
[Site "Internet Chess Club"]
[Date "2011.02.27"]
[Round "3"]
[White "cityprosecutor"]
[Black "bobhill"]
[Result "0-1"]
[WhiteElo "1701"]
[BlackElo "1985"]
[Opening "Sicilian defense"]
[ECO "B20"]
[Time "22:26:36"]
[TimeControl "2700+45"]

1. e4 c5 2. d3 Nc6 3. g3 g6 4. h4 Bg7 5. h5 Qb6 6. c3 d6 7. hxg6 fxg6 8. Nd2 Nf6
9. Ngf3 Ng4 10. Nc4 Qc7 11. Ne3 Bd7 12. Nd5 Qc8 13. Bg2 b5 14. Ng5 h6 15. Nf3
Qb7 16. Nf4 Nge5 17. d4 cxd4 18. cxd4 Nxf3+ 19. Bxf3 g5 20. Ne2 Qb6 21. Be3 Qa5+
22. Qd2 Rf8 23. Bh5+ Kd8 24. Nc3 b4 25. Ne2 d5 26. Bg6 Bg4 27. Rc1 Rc8 28. b3
Bf3 29. Rc5 Qa3 30. Rxd5+ Kc7 31. O-O Rf6 32. Re5 Rxg6 33. Rc5 Kd8 34. Rfc1 Rd6
35. d5 Qa6 36. Nd4 Bxd4 37. Bxd4 Rc7 38. Be5 Qc8 39. Bxd6 Qh3 40. Bxc7+ Ke8
{White resigns} 0-1

[Event "Team 45 45 League T48"]
[Site "Internet Chess Club"]
[Date "2011.02.26"]
[Round "3"]
[White "MusiqueWand"]
[Black "theophilus"]
[Result "1/2-1/2"]
[WhiteElo "2366"]
[BlackElo "2248"]
[Opening "Dutch: classical variation"]
[ECO "A96"]
[Time "10:34:41"]
[TimeControl "2700+45"]

1. d4 e6 2. c4 f5 3. g3 Nf6 4. Bg2 Be7 5. Nf3 O-O 6. O-O d6 7. Nc3 Ne4 8. Nxe4
fxe4 9. Nd2 d5 10. f3 Nc6 11. fxe4 Rxf1+ 12. Nxf1 dxc4 13. Be3 Bd7 14. b3 cxb3
15. Qxb3 Na5 16. Qd3 e5 17. d5 b6 18. Rc1 c5 19. Nd2 a6 20. Nf3 Bf6 21. Qc2 Rc8
22. Nd2 Nb7 23. Qd3 b5 24. Qa3 a5 25. Qb3 Qe7 26. Nc4 a4 27. Qb2 Rb8 28. Nd2 Rf8
29. Nc4 Be8 30. Rb1 Rf7 31. Na3 b4 32. Nc4 Bb5 33. Qc1 Qd7 34. h3 Rf8 35. Kh2
Ba6 36. Bf3 Qb5 37. Na3 Qa5 38. Nc4 Qb5 39. Na3 Qa5 40. Nc4 Qb5 {Game drawn by
repetition} 1/2-1/2

[Event "Team 45 45 League T48"]
[Site "Internet Chess Club"]
[Date "2011.02.27"]
[Round "3"]
[White "cacheboy"]
[Black "Oblio"]
[Result "0-1"]
[WhiteElo "2285"]
[BlackElo "2363"]
[Opening "Sicilian: closed"]
[ECO "B23"]
[Time "12:05:40"]
[TimeControl "2700+45"]

1. e4 c5 2. Nc3 d6 3. f4 g6 4. Nf3 Bg7 5. Bb5+ Bd7 6. Bc4 Nc6 7. O-O e6 8. d3
Nge7 9. Qe1 a6 10. Qh4 Nd4 11. Nxd4 cxd4 12. Ne2 d5 13. exd5 exd5 14. Bb3 O-O
15. Ng3 Re8 16. Re1 Be6 17. Bd2 Qd7 18. a4 b6 19. a5 b5 20. Bb4 Nc6 21. Bc5 Rac8
22. Bb6 f5 23. Ne2 Qd6 24. Qf2 Qb4 25. Nc1 Bf7 26. Na2 Qd6 27. Rab1 Bf6 28. Kh1
Rxe1+ 29. Rxe1 Bd8 30. Nc1 Bxb6 31. axb6 a5 32. c3 a4 33. Bc2 dxc3 34. bxc3 Rb8
35. d4 Qa3 36. Qd2 Na5 37. Bd3 Rxb6 38. Na2 Qd6 39. Nb4 Nc6 40. Rb1 Nxb4 41.
Rxb4 Be8 42. g3 Qe7 43. Rb1 Kg7 44. Re1 Re6 45. Re5 a3 46. Kg2 Rxe5 47. fxe5 Bd7
48. Qa2 b4 49. Kf3 bxc3 50. Qb3 Be6 51. Qxc3 Qa7 52. Kf2 a2 53. Qa1 Qa3 54. Bc2
f4 {White resigns} 0-1

[Event "Team 45 45 League T48"]
[Site "Internet Chess Club"]
[Date "2011.02.27"]
[Round "3"]
[White "BlazekaMatej"]
[Black "BadHabitMarco"]
[Result "1/2-1/2"]
[WhiteElo "2108"]
[BlackElo "2118"]
[Opening "Sicilian: Najdorf, Byrne (English) attack"]
[ECO "B90"]
[Time "11:36:53"]
[TimeControl "2700+45"]

1. e4 c5 2. Nf3 d6 3. d4 cxd4 4. Nxd4 Nf6 5. Nc3 a6 6. Be3 e6 7. f3 b5 8. a3 Bb7
9. Qd2 Nc6 10. g4 Be7 11. O-O-O Qc7 12. g5 Nd7 13. h4 Rc8 14. h5 b4 15. axb4
Nxb4 16. Kb1 d5 17. Qg2 Nc5 18. g6 hxg6 19. hxg6 Rxh1 20. gxf7+ Kxf7 21. Qxh1
Bf6 22. Qh5+ Kg8 23. Bh3 Qf7 24. Qg4 Re8 25. Rg1 dxe4 26. fxe4 Bc8 27. e5 Bxe5
28. Nf3 Bxc3 29. bxc3 Nd5 30. Bxc5 e5 31. Qg2 Nxc3+ 32. Kc1 Bxh3 33. Qxh3 Ne2+
34. Kd1 Nxg1 35. Bxg1 Qf4 36. Nd2 Rd8 37. Be3 Qf7 38. Ke2 Qd5 39. Bg5 Rf8 40.
Qb3 Qxb3 41. cxb3 Kf7 42. Ke3 Ke6 43. Ke4 Rb8 44. Be3 Rb4+ 45. Kd3 Kf5 46. Bc5
Rh4 47. Nc4 g5 48. Be3 g4 49. Nd6+ Ke6 50. Ne4 Rh2 51. b4 Rb2 52. Nc5+ Kd5 53.
Nxa6 g3 54. Kc3 Rb1 55. Kc2 Ra1 56. b5 g2 57. b6 Re1 58. b7 Rxe3 59. b8=Q g1=Q
60. Qb7+ Kc4 61. Qc6+ Kd4 62. Qa4+ Kd5 63. Nb4+ Kc5 64. Nd3+ Kd6 65. Kd2 Rg3 66.
Qb4+ Ke6 67. Qc4+ Kf6 68. Qh4+ Rg5 69. Qh6+ Kf7 70. Qd6 Qd4 71. Qc7+ Ke6 72.
Qc6+ Qd6 73. Qe8+ Kf5 74. Qf7+ Kg4 75. Ke2 Rf5 76. Nf2+ Rxf2+ 77. Kxf2 Qd2+ 78.
Kf1 Qf4+ 79. Qxf4+ Kxf4 80. Kf2 e4 81. Ke2 Ke5 82. Ke3 Kd5 83. Kd2 Kd4 84. Ke2
Kd5 85. Ke3 Ke5 86. Ke2 Kf4 87. Kf2 Kf5 88. Ke3 {Game drawn by mutual agreement}
1/2-1/2

[Event "Team 45 45 League T48"]
[Site "Internet Chess Club"]
[Date "2011.02.28"]
[Round "3"]
[White "TerryMalloy"]
[Black "Freitac"]
[Result "1-0"]
[WhiteElo "1864"]
[BlackElo "1975"]
[Opening "Sicilian defense"]
[ECO "B40"]
[Time "17:04:16"]
[TimeControl "2700+45"]

1. e4 c5 2. Nf3 e6 3. c3 d5 4. e5 d4 5. Bd3 Bd7 6. cxd4 cxd4 7. Nxd4 Qg5 8. O-O
Qxe5 9. Nf3 Qd6 10. Qe2 Nf6 11. Nc3 a6 12. b3 Be7 13. Bb2 O-O 14. Rac1 Nc6 15.
Rfe1 Nb4 16. Bb1 Nbd5 17. d4 Nf4 18. Qc2 Bc6 19. Ng5 Ng6 20. Nce4 Nxe4 21. Nxe4
Qf4 22. Re3 Rac8 23. Qe2 Bb5 24. Qd1 Bc6 25. Rec3 Rcd8 26. Rxc6 bxc6 27. Rxc6
Rd5 28. g3 Qb8 29. Rxa6 Rfd8 30. Ra4 h5 31. Nc3 Rg5 32. Be4 h4 33. Bg2 hxg3 34.
hxg3 Bf6 35. Ne4 Rf5 36. Bh3 Rfd5 37. Nxf6+ gxf6 38. Bg2 Rb5 39. Qf3 Rf5 40. Qe2
Qb5 41. Kf1 Rc8 42. Rc4 Rxc4 43. Qxc4 Qxc4+ 44. bxc4 Ra5 45. a3 Kf8 46. Bc3 Ra7
47. Bb4+ Ke8 48. Bc6+ Kd8 49. a4 Ne7 50. Bb5 Nc8 51. Ke2 Kc7 52. Kd3 Nd6 53.
Bxd6+ Kxd6 54. Kc3 e5 55. c5+ Kd5 56. dxe5 Kxc5 57. exf6 Rc7 58. Kd3 Kd5 59. f4
Ke6 60. g4 Kxf6 61. Kd4 Rc1 62. a5 Rg1 63. a6 Rxg4 64. a7 Rg8 65. Bc6 Kf5 66.
Ke3 Rg3+ 67. Bf3 Rg8 68. a8=Q Rxa8 69. Bxa8 {Black resigns} 1-0

[Event "Team 45 45 League T48"]
[Site "Internet Chess Club"]
[Date "2011.02.28"]
[Round "3"]
[White "vnchess"]
[Black "easycure"]
[Result "0-1"]
[WhiteElo "2195"]
[BlackElo "2306"]
[Opening "Queen's bishop game"]
[ECO "D02"]
[Time "22:01:39"]
[TimeControl "2700+45"]

1. d4 d5 2. Nf3 Nf6 3. Bf4 c6 4. e3 Qb6 5. b3 Bf5 6. Bd3 Bxd3 7. Qxd3 e6 8. O-O
c5 9. Nbd2 Be7 10. c4 O-O 11. Rfc1 Nc6 12. cxd5 Nxd5 13. Bg5 cxd4 14. exd4 Rfd8
15. Qe4 Bxg5 16. Nxg5 Nf6 17. Qe2 Rxd4 18. Ndf3 Rd5 19. Rc4 Rad8 20. Re1 h6 21.
Ne4 Nxe4 22. Rxe4 Nd4 23. Nxd4 Rxd4 24. Rxd4 Qxd4 25. g3 Qd2 26. Qe4 b6 27. Re2
Qd1+ 28. Re1 Qd5 29. Qa4 a5 30. Rc1 g6 31. Qf4 Kg7 32. Rc7 e5 33. Qh4 Rd7 34.
Rc4 Qf3 35. Rc1 Rd2 36. Rf1 Rxa2 37. Qe7 e4 38. Qe5+ Kh7 39. Qd5 Rb2 40. h4 h5
41. Qe5 Rxb3 42. Re1 e3 43. fxe3 Rd3 {White resigns} 0-1

[Event "Team 45 45 League T48"]
[Site "Internet Chess Club"]
[Date "2011.02.26"]
[Round "3"]
[White "technika"]
[Black "eurander"]
[Result "1/2-1/2"]
[WhiteElo "2128"]
[BlackElo "2190"]
[Opening "Caro-Kann: anti-anti-Caro-Kann defense"]
[ECO "B10"]
[Time "09:00:46"]
[TimeControl "2700+45"]

1. e4 c6 2. c4 d5 3. cxd5 cxd5 4. exd5 Nf6 5. Nc3 Nxd5 6. Nf3 Nc6 7. Bb5 e6 8.
O-O Be7 9. d4 O-O 10. Re1 Bd7 11. Nxd5 exd5 12. Qb3 Be6 13. Bd3 Bf6 14. Be3 Qd6
15. Rac1 Qb4 16. Qc2 g6 17. a3 Qb6 18. Qc5 Rac8 19. Qxb6 axb6 20. b4 Bg4 21. b5
Na5 22. Ne5 Be6 23. a4 Nb3 24. Rxc8 Rxc8 25. Rd1 Kg7 26. h3 h6 27. Nf3 g5 28.
Re1 Ra8 29. Bc2 Na5 30. Re2 g4 31. hxg4 Bxg4 32. Bd1 Bxf3 33. gxf3 Rc8 34. Rc2
Rc4 35. Rxc4 Nxc4 36. f4 Nd6 37. Bb3 Nf5 38. Bxd5 Bxd4 39. Bc1 Nd6 40. Kg2 {Game
drawn by mutual agreement} 1/2-1/2

[Event "Team 45 45 League T48"]
[Site "Internet Chess Club"]
[Date "2011.02.27"]
[Round "3"]
[White "Matusalen"]
[Black "noHz"]
[Result "1-0"]
[WhiteElo "2143"]
[BlackElo "2081"]
[Opening "Queen's pawn game, Darooha variation "]
[ECO "D11"]
[Time "12:06:58"]
[TimeControl "2700+45"]

1. Nf3 d5 2. d4 Nf6 3. c4 c6 4. Qc2 dxc4 5. Qxc4 Bg4 6. Nbd2 Nbd7 7. g3 e6 8.
Bg2 Be7 9. Ne5 Bh5 10. Nxd7 Nxd7 11. Nb3 a5 12. a4 O-O 13. O-O e5 14. Rd1 Qb6
15. Be3 Bxe2 16. Qxe2 Qxb3 17. d5 Nf6 18. dxc6 bxc6 19. Bxc6 Rac8 20. Qb5 Bb4
21. Bc5 Rb8 22. Bb7 Rfe8 23. Ba7 Rbd8 24. Rxd8 Rxd8 25. Qxe5 Bd6 26. Qxa5 Re8
27. Qb5 Qc2 28. a5 Be5 29. Re1 Qd2 30. Rxe5 {Black resigns} 1-0

[Event "Team 45 45 League T48"]
[Site "Internet Chess Club"]
[Date "2011.02.26"]
[Round "3"]
[White "jorobo"]
[Black "Epcot"]
[Result "0-1"]
[WhiteElo "2014"]
[BlackElo "1807"]
[Opening "Sicilian: Najdorf, Zagreb (fianchetto) variation"]
[ECO "B91"]
[Time "06:33:42"]
[TimeControl "2700+45"]

1. e4 c5 2. Nf3 d6 3. d4 cxd4 4. Nxd4 Nf6 5. Nc3 a6 6. g3 e5 7. Nde2 b5 8. Bg2
Nbd7 9. h3 Be7 10. O-O b4 11. Nd5 Nxd5 12. exd5 a5 13. g4 h5 14. gxh5 Rxh5 15.
Ng3 Rh8 16. a3 b3 17. cxb3 Nf6 18. Bg5 Bxh3 19. Bxh3 Rxh3 20. Kg2 Qd7 21. Bxf6
Bxf6 22. Qc2 g6 23. Qc6 Qxc6 24. dxc6 Rh4 25. Rfd1 Ke7 26. Rac1 Rc8 27. Rd5 Ke6
28. Rxa5 Bd8 29. Ra4 Rxa4 30. bxa4 Kd5 31. b4 Rxc6 32. Rxc6 Kxc6 33. Ne4 f5 34.
Nc3 d5 35. Kf3 d4 36. Nb5 Bb6 37. Ke2 e4 38. Kd2 g5 39. Ke1 g4 40. Kd2 f4 41.
Ke1 g3 42. fxg3 fxg3 43. Kf1 e3 {White resigns} 0-1

[Event "Team 45 45 League T48"]
[Site "Internet Chess Club"]
[Date "2011.02.24"]
[Round "3"]
[White "ThuG"]
[Black "ElCreyente"]
[Result "0-1"]
[WhiteElo "2199"]
[BlackElo "2251"]
[Opening "Sicilian"]
[ECO "B50"]
[Time "15:31:28"]
[TimeControl "2700+45"]

1. e4 c5 2. Nf3 d6 3. c3 Nf6 4. Bd3 Nc6 5. h3 g6 6. Bc2 e5 7. d4 exd4 8. cxd4
cxd4 9. Nxd4 Bg7 10. Nb5 O-O 11. N1c3 Be6 12. Qxd6 a6 13. Qxd8 Raxd8 14. Nc7 Nb4
15. Bb1 Bc4 16. Be3 Nd7 17. a3 Nd3+ 18. Bxd3 Bxd3 19. O-O-O Bc4 20. Kc2 Ne5 21.
N7d5 f5 22. Bg5 fxe4 23. Bxd8 Bd3+ 24. Kb3 Rxd8 25. Ne3 Rf8 26. Rd2 Bh6 27. Ncd5
b5 28. Kb4 Nc6+ 29. Kc5 Na5 30. Kb6 Nc4+ 31. Nxc4 bxc4 32. Rhd1 Bg7 33. Ne7+ Kh8
34. Nc6 Rf6 35. Kc7 Rf7+ 36. Kd6 Rf6+ 37. Kd5 Rf5+ 38. Ke6 Rb5 39. Nb4 a5 40.
Nxd3 exd3 41. Rb1 Bc3 42. a4 Rb6+ 43. Kd5 Bxd2 44. Kxc4 Rd6 45. Rd1 Bb4 46. Rxd3
Rxd3 47. Kxd3 Kg7 48. Ke4 Kf6 49. f4 h5 50. g4 hxg4 51. hxg4 Bd2 52. Kf3 Ke6 53.
Ke4 Bc1 54. f5+ gxf5+ 55. gxf5+ Kd6 56. b4 axb4 57. f6 Kc6 58. Kd4 Kb6 59. Kc4
Ka5 60. Kb3 Bh6 61. Kb2 Kxa4 62. Ka2 Bg5 63. f7 Bh6 64. Kb2 Bg7+ 65. Ka2 b3+ 66.
Kb1 Ka3 67. f8=Q+ Bxf8 68. Ka1 Bg7+ 69. Kb1 Bh8 {White resigns} 0-1

[Event "Team 45 45 League T48"]
[Site "Internet Chess Club"]
[Date "2011.02.27"]
[Round "3"]
[White "PHILOCHESS"]
[Black "DreadHead"]
[Result "0-1"]
[WhiteElo "2076"]
[BlackElo "2200"]
[Opening "Modern defense"]
[ECO "A40"]
[Time "04:25:52"]
[TimeControl "2700+45"]

1. d4 g6 2. b3 Bg7 3. Nf3 c5 4. e3 Nc6 5. Bb2 Nh6 6. Bd3 O-O 7. O-O d5 8. h3
cxd4 9. exd4 Bf5 10. Na3 Bxd3 11. Qxd3 Nf5 12. Rad1 Qa5 13. Qb5 Qxb5 14. Nxb5
Rac8 15. Rfe1 a6 16. Na3 e6 17. g4 Nd6 18. Nb1 b5 19. Kg2 b4 20. Nbd2 Rc7 21.
Nf1 Na7 22. Ne3 Nab5 23. Re2 Ne4 24. Rde1 Bh6 25. Ne5 Bxe3 26. fxe3 Nbc3 27.
Bxc3 Nxc3 28. Rd2 Ne4 29. Rde2 Rfc8 30. Nd3 a5 31. Rc1 Nc3 32. Rf2 Nxa2 33. Ra1
Nc3 34. Nc5 Ra8 35. Rf6 Kg7 36. g5 h6 37. h4 hxg5 38. hxg5 Rh8 39. Rxa5 Rh5 40.
Rf3 Rxg5+ 41. Rg3 Rxg3+ 42. Kxg3 g5 43. Kf3 Kf6 44. Nd3 Kf5 45. Nxb4 g4+ 46. Kf2
f6 47. Ra1 Ne4+ 48. Kg2 g3 49. Kf3 Rh7 50. Rg1 Rh3 51. Rg2 Ng5+ 52. Ke2 Kg4 53.
Nd3 Ne4 54. c4 dxc4 55. bxc4 Rh2 56. Kf1 Nd2+ 57. Kg1 Rxg2+ 58. Kxg2 Nxc4 59. e4
Ne3+ 60. Kg1 Kf3 61. e5 f5 62. Nc5 Nd5 63. Nxe6 g2 64. Ng5+ Kg3 65. e6 Nf4
{White resigns} 0-1

[Event "Team 45 45 League T48"]
[Site "Internet Chess Club"]
[Date "2011.02.28"]
[Round "3"]
[White "spacecadet"]
[Black "MikeA"]
[Result "1/2-1/2"]
[WhiteElo "2105"]
[BlackElo "2181"]
[Opening "Sicilian: Pelikan, Chelyabinsk variation"]
[ECO "B33"]
[Time "19:52:18"]
[TimeControl "2700+45"]

1. e4 c5 2. Nf3 Nc6 3. d4 cxd4 4. Nxd4 Nf6 5. Nc3 e5 6. Ndb5 d6 7. Bg5 a6 8. Na3
b5 9. Nd5 Be7 10. Bxf6 Bxf6 11. c4 bxc4 12. Nxc4 Nd4 13. Ncb6 Rb8 14. Rc1 O-O
15. Nxc8 Rxc8 16. Rxc8 Qxc8 17. Bd3 Bg5 18. O-O a5 19. a3 Qb7 20. b4 axb4 21.
axb4 Ra8 22. Qg4 Bd8 23. Rc1 Ra3 24. Bc4 h6 25. h4 Ra4 26. g3 Kf8 27. Qd1 Qd7
28. Kg2 Ra3 29. Rc3 Ra8 30. Rc1 Rc8 31. Bf1 Ra8 32. Be2 f5 33. exf5 Qxf5 34. Bg4
Qf7 35. Bf3 Qxf3+ 36. Qxf3+ Nxf3 37. Kxf3 Kf7 38. Rc2 Ke6 39. Nc7+ Bxc7 40. Rxc7
g6 41. Rg7 Ra3+ 42. Ke2 Kf6 43. Rd7 Ra6 44. Ke3 Ke6 45. Rg7 Ra3+ 46. Ke2 Kf5 47.
Rd7 Rb3 48. Rxd6 Rxb4 49. f3 Rb2+ 50. Ke3 Rb3+ 51. Ke2 Rb4 52. g4+ Kf4 53. Rf6+
Kg3 54. Rxg6 Rb2+ 55. Ke3 Rb3+ 56. Ke4 Rb4+ 57. Kxe5 Kxf3 58. g5 Rb5+ 59. Kf6
hxg5 60. Rxg5 Rb6+ 61. Kg7 Kf4 62. Rg6 Rb7+ 63. Kh6 Rb8 64. Rf6+ Kg4 65. h5 Rh8+
66. Kg6 Rxh5 67. Rf4+ Kxf4 68. Kxh5 {Game drawn because neither player has
mating material} 1/2-1/2

[Event "Team 45 45 League T48"]
[Site "Internet Chess Club"]
[Date "2011.02.27"]
[Round "3"]
[White "xakelari"]
[Black "parmupill"]
[Result "0-1"]
[WhiteElo "2070"]
[BlackElo "2177"]
[Opening "French: advance variation"]
[ECO "C02"]
[Time "10:00:31"]
[TimeControl "2700+45"]

1. e4 e6 2. d4 d5 3. e5 c5 4. c3 Qb6 5. Nf3 Nc6 6. a3 Nh6 7. b4 cxd4 8. cxd4 Nf5
9. Bb2 Be7 10. Bd3 a5 11. Bxf5 exf5 12. Nc3 Be6 13. b5 O-O 14. O-O a4 15. bxc6
Qxb2 16. Nxa4 Qb5 17. cxb7 Qxb7 18. Nc5 Qa7 19. Qc2 Rac8 20. Rfc1 Rc6 21. a4 Rb8
22. Rcb1 Rbc8 23. Rb5 Bxc5 24. dxc5 Rxc5 25. Qb2 Rc2 26. Qb4 Qxf2+ {White
resigns} 0-1

[Event "Team 45 45 League T48"]
[Site "Internet Chess Club"]
[Date "2011.02.23"]
[Round "3"]
[White "chiiwen"]
[Black "Uwak"]
[Result "0-1"]
[WhiteElo "2178"]
[BlackElo "2371"]
[Opening "Sicilian: dragon variation"]
[ECO "B70"]
[Time "21:00:12"]
[TimeControl "2700+45"]

1. e4 c5 2. Nf3 d6 3. d4 cxd4 4. Nxd4 Nf6 5. Nc3 g6 6. Be2 Bg7 7. O-O Nc6 8. Nb3
O-O 9. Kh1 Be6 10. f4 Qc8 11. Be3 Rd8 12. Bg1 d5 13. e5 Ne4 14. Nb5 g5 15. g3
Bh3 16. Re1 gxf4 17. gxf4 Kh8 18. N5d4 Rg8 19. Bf3 Bxe5 20. Qe2 Rxg1+ 21. Rxg1
Bxd4 {White resigns} 0-1

[Event "Team 45 45 League T48"]
[Site "Internet Chess Club"]
[Date "2011.02.27"]
[Round "3"]
[White "searchforbobby1"]
[Black "f5"]
[Result "1/2-1/2"]
[WhiteElo "2211"]
[BlackElo "2094"]
[Opening "Sicilian: Alapin's variation (2.c3)"]
[ECO "B22"]
[Time "22:06:14"]
[TimeControl "2700+45"]

1. e4 c5 2. c3 Nf6 3. e5 Nd5 4. d4 cxd4 5. Nf3 Nc6 6. cxd4 d6 7. Bc4 Nb6 8. Bb3
dxe5 9. d5 Na5 10. Nc3 Nxb3 11. Qxb3 e6 12. Nxe5 Bd6 13. Qb5+ Kf8 14. Nc4 Nxc4
15. Qxc4 exd5 16. Qxd5 Bc7 17. Qf3 Qd6 18. Be3 Bd7 19. Rd1 Qc6 20. Qh5 Be6 21.
O-O Kg8 22. Rd2 h6 23. Rfd1 a6 24. Nd5 Bd8 25. Nf4 Be7 26. Nxe6 Qxe6 27. Rd7 b5
28. Bc5 Re8 29. Bxe7 Rxe7 30. Rxe7 Qxe7 31. Qf5 g6 32. Qf4 {Game drawn by mutual
agreement} 1/2-1/2

[Event "Team 45 45 League T48"]
[Site "Internet Chess Club"]
[Date "2011.02.28"]
[Round "3"]
[White "Fulvio"]
[Black "Phosphorus"]
[Result "1/2-1/2"]
[WhiteElo "2035"]
[BlackElo "2105"]
[Opening "Dutch defense"]
[ECO "A90"]
[Time "14:01:06"]
[TimeControl "2700+45"]

1. d4 e6 2. c4 f5 3. g3 Nf6 4. Bg2 c6 5. Qc2 d5 6. Nh3 Bd6 7. O-O O-O 8. Bf4 Be7
9. Nd2 Na6 10. a3 h6 11. Be5 g5 12. Rfd1 Qe8 13. Nf1 Ng4 14. f4 b6 15. b4 Bb7
16. Rac1 Rc8 17. Qd2 Nxe5 18. dxe5 Qg6 19. cxd5 cxd5 20. Rxc8 Rxc8 21. Rc1 Rxc1
22. Qxc1 g4 23. Nf2 Qe8 24. Nd2 Qc6 25. Qxc6 Bxc6 26. Nb3 Nc7 27. Nd4 Ba4 28.
Nd3 Kf7 29. Kf2 a5 30. e3 Bb5 31. Bf1 Bxd3 32. Bxd3 axb4 33. a4 Bc5 34. Ke2 h5
{Game drawn by mutual agreement} 1/2-1/2

[Event "Team 45 45 League T48"]
[Site "Internet Chess Club"]
[Date "2011.02.25"]
[Round "3"]
[White "j316chuck"]
[Black "Constrictor"]
[Result "1/2-1/2"]
[WhiteElo "1582"]
[BlackElo "1650"]
[Opening "Ruy Lopez: Cozio defense"]
[ECO "C60"]
[Time "21:01:05"]
[TimeControl "2700+45"]

1. e4 e5 2. Nf3 Nc6 3. Bb5 Nge7 4. c3 g6 5. d4 exd4 6. cxd4 a6 7. Bc4 d5 8. exd5
Nxd5 9. O-O Be6 10. Ng5 Qd7 11. Nxe6 fxe6 12. Re1 O-O-O 13. Nc3 Bg7 14. Nxd5
exd5 15. Be2 Nxd4 16. Bg4 Nf5 17. Rb1 Qd6 18. b4 Be5 19. h3 c6 20. a4 Bc3 21.
Bd2 Bxd2 22. Qxd2 Rhe8 23. Rec1 Re4 24. f3 Qf4 25. Bxf5+ gxf5 26. Qxf4 Rxf4 27.
b5 axb5 28. axb5 Rd6 29. bxc6 Rxc6 30. Rd1 Rd6 31. Rb5 d4 32. Kf2 d3 33. g3 Rc4
34. Rxf5 Rc2+ 35. Ke3 Re2+ 36. Kf4 d2 37. Re5 Rf6+ 38. Rf5 Rd6 39. Re5 Rf6+
{Game drawn by mutual agreement} 1/2-1/2

[Event "Team 45 45 League T48"]
[Site "Internet Chess Club"]
[Date "2011.02.26"]
[Round "3"]
[White "philosopherking"]
[Black "chess-fan"]
[Result "0-1"]
[WhiteElo "1497"]
[BlackElo "1415"]
[Opening "Grünfeld: 5.e3"]
[ECO "D94"]
[Time "13:00:37"]
[TimeControl "2700+45"]

1. d4 Nf6 2. c4 g6 3. Nc3 d5 4. e3 Bg7 5. Nf3 Bg4 6. Be2 O-O 7. h3 Be6 8. Ne5
Nbd7 9. Qb3 Nxe5 10. dxe5 dxc4 11. Qxb7 Nd5 12. f4 Nxc3 13. bxc3 Bd5 14. Qa6
Bxg2 15. Rh2 Be4 16. Ba3 Re8 17. Rd1 Qc8 18. Qxc4 Bf5 19. Bf3 Rb8 20. Bd5 e6 21.
Bc6 Rd8 22. Rxd8+ Qxd8 23. e4 Qh4+ 24. Ke2 Bxh3 25. Rxh3 Qxh3 26. Bb5 Qg4+ 27.
Ke3 Bh6 28. Qxc7 Qxf4+ 29. Kd4 Qe3+ 30. Kc4 Qe2+ 31. Kc5 Qxb5+ 32. Kd6 Bf8+
{White resigns} 0-1

[Event "Team 45 45 League T48"]
[Site "Internet Chess Club"]
[Date "2011.02.27"]
[Round "3"]
[White "kid6988"]
[Black "JWB"]
[Result "0-1"]
[WhiteElo "1533"]
[BlackElo "1651"]
[Opening "French: Rubinstein variation"]
[ECO "C03"]
[Time "14:22:35"]
[TimeControl "2700+45"]

1. e4 e6 2. d4 d5 3. Nd2 dxe4 4. Nxe4 Nd7 5. Nf3 Ngf6 6. Bg5 Be7 7. Nxf6+ Nxf6
8. Bc4 O-O 9. O-O b6 10. Re1 Bb7 11. c3 h6 12. Bf4 c5 13. Re3 Rc8 14. b3 b5 15.
Bxb5 Nd5 16. Bg3 Nxe3 17. fxe3 cxd4 18. cxd4 Bf6 19. Rc1 Rxc1 20. Qxc1 Qc8 21.
Qxc8 Rxc8 22. Bc4 Bd5 23. Nd2 Bb7 24. a4 Be7 25. Kf2 Bb4 26. Nf3 Bd5 27. Bxd5
exd5 28. Ke2 Rc2+ 29. Kd3 Rb2 30. Ne5 Rd2# {White checkmated} 0-1